 Dungeon Crawl Stone Soup version 0.30.1 (webtiles) character file.

Game seed: 17509630184505036445

116 GeoRichter the Poker (level 4, 0/49 HPs)
             Began as a Demonspawn Reaver on July 13, 2023.
             Splashed by a jelly's acid (7 damage)
             ... on level 4 of the Dungeon.
             The game lasted 00:03:08 (1991 turns).

GeoRichter the Poker (Demonspawn Reaver)            Turns: 1991, Time: 00:03:08

Health: 0/49       AC: 14    Str: 15    XL:     4   Next: 69%
Magic:  0/7        EV:  2    Int: 14    God:
Gold:   135        SH:  4    Dex: 13    Spells: 6/7 levels left

rFire   . . .        a - +0 spear
rCold   . . .        (no shield)
rNeg    . . .        b - melded +0 leather armour
rPois   +            r - melded +0 helmet
rElec   .            (cloak currently unavailable)
rCorr   .            (gloves currently unavailable)
SInv    +            (boots currently unavailable)
Will    .....        t - amulet of guardian spirit
Stlth   ++           p - ring of see invisible
HPRegen 0.28/turn    (no ring)
MPRegen 0.10/turn

%: guardian spirit
@: tree-form, corroded
A: stationary, stasis, torment immunity, boosted hp, thin skeletal structure 1,
powered by pain 1, condensation shield
a: no special abilities


You were on level 4 of the Dungeon.
You were a tree.
You visited 1 branch of the dungeon, and saw 4 of its levels.

You collected 168 gold pieces.
You spent 33 gold pieces at shops.

Inventory:

Hand Weapons
 a - a +0 spear (weapon)
Missiles
 g - 5 poisoned darts (quivered)
Armour
 b - a +0 leather armour (melded)
 r - a +0 helmet (melded)
   (You found it on level 3 of the Dungeon)
Jewellery
 p - a ring of see invisible (left branch)
   (You found it on level 3 of the Dungeon)
 t - an amulet of guardian spirit (around neck)
   (You found it on level 3 of the Dungeon)
Scrolls
 i - 2 scrolls of fog {unknown}
 j - a scroll of noise {unknown}
 k - 2 scrolls of identify {@r1}
 l - a scroll of enchant armour {unknown}
 s - a scroll of silence {unknown}
Potions
 d - a potion of invisibility {unknown}
 e - 2 potions of magic
 f - 2 potions of mutation {unknown}
 h - a potion of brilliance {unknown}
 n - a potion of haste {unknown}
 o - a potion of lignification {!q}
 q - a potion of flight {unknown}


   Skills:
 - Level 2.0 Fighting
 * Level 5.0 Polearms
 - Level 1.7 Dodging
 - Level 2.0 Spellcasting
 - Level 3.0 Conjurations


You had 6 spell levels left.
You knew the following spells:

 Your Spells              Type           Power      Damage    Failure   Level
a - Kiss of Death         Conj/Necr      20%        2d7       13%         1

Your spell library contained the following spells:

 Spells                   Type           Power      Damage    Failure   Level
 Momentum Strike          Conj/Tloc      10%        3d8       19%         2
 Hailstorm                Conj/Ice       5%         3d4       36%         3
 Alistair's Intoxication  Tmut/Pois      0%         N/A       100%        5
 Borgnjor's Vile Clutch   Necr/Erth      0%         N/A       100%        5
 Eringya's Noxious Bog    Tmut/Pois      0%         N/A       100%        6


Dungeon Overview and Level Annotations

Branches:
Dungeon (4/15) Zot: 22032
 Temple: D:4-7

Altars:
Kikubaaqudgha
Trog
Xom

Shops:
D:2 *


Innate Abilities, Weirdness & Mutations

You are a tree.
Your roots penetrate the ground, keeping you stationary.
You cannot be teleported.
You are immune to unholy pain and torment.
Your maximum health is greatly increased.
Your equipment is partially melded.
You have a somewhat thin skeletal structure. (Dex +2, Stealth+)
You sometimes gain a little power by taking damage.
A meltable shield of frost defends you. (SH +4)


Message History

You reach to attack!
You hit the endoplasm.
The endoplasm is moderately wounded.
You hit the endoplasm.
The endoplasm is heavily wounded.
The endoplasm freezes you.
You are frozen.
You hit the endoplasm.
The endoplasm is almost dead.
You hit the endoplasm.
You kill the endoplasm!
The jelly quivers.
You reach to attack!
You hit the jelly.
The jelly is lightly wounded.
You hit the jelly.
Your hands burn!
The jelly is moderately wounded.
The jelly hits you. The acid corrodes you!
You are splashed with acid!
You hit the jelly but do no damage.
Your hands burn!
The jelly is moderately wounded.
The jelly misses you.
You hit the jelly but do no damage.
Your hands burn!
The jelly is moderately wounded.
The jelly barely misses you.
You hit the jelly. The acid corrodes you!
Your hands burn!
The jelly is heavily wounded.
The jelly hits you. The acid corrodes you!
You are splashed with acid.
* * * LOW HITPOINT WARNING * * *
The jelly attacks as you move away! The jelly closely misses you.
Really quaff
o - 2 potions of lignification {!q}?
Really quaff the potion of lignification?
You turn into a tree.
Your +0 helmet melds into your body.
Your +0 leather armour melds into your body.
Your roots penetrate the ground.
The jelly hits you but does no damage.
You hit the jelly.
Your branches burn!
* * * LOW HITPOINT WARNING * * *
The jelly is severely wounded.
You hit the jelly but do no damage.
Your branches burn!
* * * LOW HITPOINT WARNING * * *
The jelly is severely wounded.
The jelly hits you but does no damage.
You hit the jelly but do no damage.
Your branches burn!
* * * LOW HITPOINT WARNING * * *
The jelly is severely wounded.
The jelly hits you but does no damage.
You hit the jelly but do no damage. The acid corrodes you!
Your branches burn!
* * * LOW HITPOINT WARNING * * *
The jelly is severely wounded.
The jelly hits you.
* * * LOW HITPOINT WARNING * * *
You are splashed with acid!
You die...

..# #.# ..#
#.# ..##
##.##
..####...##
#.+.......#
#.#.##...##
#.†.###.##
#.### #.#
#♣# #.# #J#
#.# #:.#
..# ##.#
.## #.# #.#
#.# #.. ..#


You could see a jelly.

Vanquished Creatures
  4 adders
  A worm (D:2)
  3 dart slugs
  An orc (D:3)
  5 ball pythons
  7 bats
  16 endoplasms
  A giant cockroach (D:2)
  5 hobgoblins
  3 jackals (D:1)
  2 kobolds
  3 quokkas
  4 frilled lizards
  3 goblins
  7 rats
65 creatures vanquished.

Notes
Turn   | Place    | Note
-------+----------+-------------------------------------------
     0 | D:1      | GeoRichter the Demonspawn Reaver began the quest for the
                  | Orb.
     0 | D:1      | Reached XP level 1. HP: 16/16 MP: 3/3
    26 | D:1      | Reached skill level 3 in Polearms
   177 | D:1      | Noticed a shining eye
   179 | D:1      | Found a faded altar of an unknown god.
   181 | D:1      | Noticed a golden eye
   181 | D:1      | Noticed a shining eye
   181 | D:1      | Noticed a great orb of eyes
   196 | D:1      | Gained mutation: You sometimes gain a little power by
                  | taking damage. [demonic ancestry]
   196 | D:1      | Reached XP level 2. HP: 22/22 MP: 5/5
   536 | D:1      | Gained mutation: You have a somewhat thin skeletal
                  | structure. (Dex +2, Stealth+) [demonic ancestry]
   536 | D:1      | Reached XP level 3. HP: 24/27 MP: 6/6
   815 | D:1      | Reached skill level 4 in Polearms
  1083 | D:2      | Found Sotaof's General Store.
  1114 | D:2      | Bought a potion of lignification for 33 gold pieces
  1119 | D:2      | Found a bloodstained altar of Trog.
  1407 | D:2      | Gained mutation: A meltable shield of frost defends you.
                  | (SH +4) [demonic ancestry]
  1407 | D:2      | Reached XP level 4. HP: 23/33 MP: 7/7
  1497 | D:3      | Found a shimmering altar of Xom.
  1590 | D:3      | Found an ancient bone altar of Kikubaaqudgha.
  1968 | D:4      | Reached skill level 5 in Polearms
  1991 | D:4      | Splashed by a jelly's acid

Illustrated notes

Levels and vault maps discovered:
D:1:      minmay_arrival_jagged, layout_loops_ring,
          hellmonk_ecumenical_altar_watching_god, minivault_25,
          columned_hall_lemuel
D:2:      layout_basic, serial_shops, shop, basic_altar, minmay_liquid_box
D:3:      layout_rooms, kiku_gazebo_pond_becter, brannock_xom_greatest_gift,
          chequers_garden
D:4:      layout_loops_corners, minmay_manual_monolith, uniq_sigmund

Skill      XL: |  1  2  3  4 |
---------------+-------------+-----
Polearms       | 3 4 5 |  5.0
Fighting       | |  2.0
Dodging        | |  1.7
Spellcasting   | |  2.0
Conjurations   | |  3.0

Action                     |  1- 3 |  4- 6 || total
---------------------------+-------+-------++-------
  Melee: Spear             |   153 |    74 ||   227
         Punch             |     4 |       ||     4
  Throw: Dart              |       |     3 ||     3
    Use: Scroll            |     2 |       ||     2
         Potion            |       |     1 ||     1
   Stab: Sleeping          |     5 |     5 ||    10
         Distracted        |     2 |       ||     2
 Armour: Leather armour    |    25 |     9 ||    34
         Skin              |       |     3 ||     3
  Dodge: Dodged            |    52 |    22 ||    74
  Block: Other             |       |     9 ||     9
